 Dungeon Crawl Stone Soup version 0.30-a0-924-g0ad0bf95bc (webtiles) character file.

Game seed: 5955443947482726889

1211 jlumianski the Chopper (level 8, -1/62 HPs)
             Began as a Demonspawn Fighter on Mar 22, 2023.
             Killed by divine providence
             ... invoked by an orc priest
              (15 damage)
             ... on level 6 of the Dungeon.
             The game lasted 00:13:07 (3696 turns).

jlumianski the Chopper (Demonspawn Fighter)         Turns: 3696, Time: 00:13:07

Health: -1/62      AC: 12    Str: 18    XL:     8   Next: 22%
Magic:  8/8        EV:  9    Int:  9    God:
Gold:   300        SH:  5    Dex: 20    Spells: 7/7 levels left

rFire   . . .      SeeInvis .    a - +1 war axe (flame)
rCold   . . .      Faith    .    c - +0 buckler
rNeg    . . .      Spirit   .    p - +2 chain mail {rPois}
rPois   +          Reflect  .    n - +0 helmet
rElec   .          Rampage  .    (no cloak)
rCorr   .                        (no gloves)
Will    .....                    (no boots) Stlth
                                 (no amulet)
HPRegen 0.30/turn                B - +6 ring of dexterity
MPRegen 0.11/turn                (no ring)

@: no status effects
A: hooves 2, repulsion field 1, ignite blood 1, powered by death 1
a: no special abilities


You were on level 6 of the Dungeon.
You visited 1 branch of the dungeon, and saw 6 of its levels.

You collected 300 gold pieces.

Inventory:

Hand Weapons
 a - a +1 war axe of flaming (weapon)
Missiles
 h - 9 stones
 r - 9 poisoned darts (quivered)
 t - 8 boomerangs
Armour
 b - a +0 scale mail
 c - a +0 buckler (worn)
 j - a +3 chain mail
 n - a +0 helmet (worn)
 p - a +2 chain mail of poison resistance (worn)
 C - a +0 plate armour
Jewellery
 g - a +6 ring of intelligence
 B - a +6 ring of dexterity (left hand)
Wands
 v - a wand of flame (22)
 y - a wand of digging (7)
Scrolls
 e - a scroll of amnesia
 f - a scroll of blinking
 l - a scroll of teleportation
 m - a scroll of butterflies
 o - a scroll of vulnerability
 q - 2 scrolls of fog
 x - a scroll of fear
 E - a scroll of magic mapping
Potions
 d - a potion of might
 i - a potion of lignification
 k - a potion of degeneration
 u - a potion of mutation
 w - 2 potions of curing {unknown}
 z - a potion of brilliance {unknown}
 A - a potion of heal wounds {unknown}


   Skills:
 * Level 5.0 Fighting
 + Level 6.2 Axes
 + Level 0.8 Throwing
 + Level 4.2 Armour
 + Level 1.9 Dodging
 - Level 0.1 Stealth
 + Level 3.3 Shields
 * Level 3.1 Evocations


You had 7 spell levels left.
You didn't know any spells.
Your spell library contained the following spells:

 Spells                   Type           Power      Damage    Failure   Level
 Ozocubu's Armour         Ice            0%         N/A       100%        3
 Portal Projectile        Hex/Tloc       0%         N/A       100%        3
 Tukima's Dance           Hex            0%         N/A       100%        3
 Summon Ice Beast         Ice/Summ       0%         N/A       100%        4
 Blade Hands              Tmut           0%         N/A       100%        5
 Summon Mana Viper        Hex/Summ       0%         N/A       100%        5
 Monstrous Menagerie      Summ           0%         N/A       100%        7
 Ozocubu's Refrigeration  Ice            0%         4d7       100%        7


Dungeon Overview and Level Annotations

Branches:
Dungeon (6/15)
 Temple: D:4-7

Altars:
Hepliaklqana
Yredelemnul

Annotations:
D:3 2 transporters
D:6 1 runed translucent door, Crazy Yiuf


Innate Abilities, Weirdness & Mutations

You have hoof-like feet.
You are surrounded by a mild repulsion field. (EV +2)
Your demonic aura sometimes causes spilled blood to erupt in flames.
You regenerate a little health from kills.


Message History

The orc shouts!
An orc comes into view. It is wielding a +0 dagger.
Things that are here:
a +0 dagger; a +0 robe You barely miss the orc warrior.
You block the orc warrior's attack.
You slash the orc warrior! You burn the orc warrior.
The orc warrior is moderately wounded.
The orc priest calls down the wrath of Beogh upon you.
Beogh smites you!
The orc warrior hits you with a +0 long sword.
You slash the orc warrior! You burn the orc warrior.
You kick the orc warrior, but do no damage.
The orc warrior is severely wounded.
The orc warrior hits you but does no damage.
The orc priest mumbles some strange prayers to Beogh against you.
Beogh smites you!
The orc warrior hits you with a +0 long sword.
Aiming: Throw Flame
Press: ? - help, Shift-Dir - straight line, f - orc warrior
Aim: an orc warrior, wielding a +0 long sword and wearing a +0 plate armour (severely wounded, 71% to hit)
The puff of flame hits the orc warrior.
The orc warrior is severely wounded.
The orc warrior hits you with a +0 long sword.
You barely miss the orc warrior.
You kick the orc warrior, but do no damage.
The orc warrior is severely wounded.
The orc warrior hits you but does no damage.
You slash the orc warrior! You burn the orc warrior.
You kill the orc warrior!
Your Fighting skill increases to level 5!
Your Evocations skill increases to level 3!
The orc priest invokes the aid of Beogh against you.
Beogh smites you!
The orc priest calls down the wrath of Beogh upon you.
Beogh smites you!
* * * LOW HITPOINT WARNING * * *
The orc priest looks encouraged for a moment.
The orc priest invokes the aid of Beogh against you.
Beogh smites you!
You die...

#o# #o# #.#
#o# #)# ###
#.# #)..#♣♣
♣ #.#
#..g+.♣♣♣♣
#.#
#...#♣..♣.
######@#
### ♣♣♣.♣
#......#
♣♣♣
##.#####
#.#
######### #
#.#
#.......# #
#.#
#.......# #
#.#
#.......# #
#.#
#.......# #
#.#
#.......###


You could see an orc priest and an orc.

Vanquished Creatures
  Sigmund (D:5)
  A water moccasin (D:6)
  The ghost of relicbr the Sneak, an amateur SpDe (D:5)
  An orc warrior (D:6)
  A black bear (D:5)
  An ogre (D:5)
  3 scorpions (D:4)
  A howler monkey (D:6)
  3 hounds
  A jelly (D:5)
  A sleepcap (D:6)
  An iguana (D:5)
  An orc wizard (D:6)
  10 adders
  2 ufetubi (D:6)
  6 orcs
  6 bats
  8 endoplasms
  2 giant cockroaches (D:2)
  4 goblins
  7 hobgoblins
  3 quokkas (D:5)
  8 ball pythons
  2 frilled lizards (D:1)
  3 kobolds
  9 rats
87 creatures vanquished.

Vanquished Creatures (others)
  A plant (D:4)
1 creature vanquished.

Grand Total: 88 creatures vanquished

Notes
Turn   | Place    | Note
-------+----------+-------------------------------------------
     0 | D:1      | jlumianski the Demonspawn Fighter began the quest for the
                  | Orb.
     0 | D:1      | Reached XP level 1. HP: 18/18 MP: 1/1
   296 | D:1      | Gained mutation: You are surrounded by a mild repulsion
                  | field. (EV +2) [demonic ancestry]
   296 | D:1      | Reached XP level 2. HP: 24/24 MP: 2/2
   615 | D:1      | Reached skill level 2 in Axes
   763 | D:2      | Gained mutation: You have large cloven feet. [demonic
                  | ancestry]
   763 | D:2      | Reached XP level 3. HP: 29/29 MP: 3/3
  1337 | D:3      | Found a faded altar of an unknown god.
  1389 | D:5      | Entered Level 5 of the Dungeon
  1398 | D:5      | Reached skill level 3 in Axes
  1398 | D:5      | Reached skill level 1 in Dodging
  1398 | D:5      | Gained mutation: Your demonic aura sometimes causes spilled
                  | blood to erupt in flames. [demonic ancestry]
  1398 | D:5      | Reached XP level 4. HP: 18/35 MP: 4/4
  1571 | D:5      | Noticed a black bear
  1584 | D:5      | Killed a black bear
  1585 | D:5      | Reached skill level 4 in Axes
  1585 | D:5      | Reached XP level 5. HP: 41/41 MP: 5/5
  1595 | D:5      | Noticed Sigmund
  1717 | D:3      | Found a transporter.
  1767 | D:3      | Found a transporter.
  2085 | D:3      | Gained mutation: You regenerate a little health from kills.
                  | [demonic ancestry]
  2085 | D:3      | Reached XP level 6. HP: 47/48 MP: 6/6
  2247 | D:4      | Reached skill level 1 in Evocations
  2348 | D:4      | Found a basalt altar of Yredelemnul.
  2416 | D:4      | Reached skill level 5 in Axes
  2439 | D:5      | Reached XP level 7. HP: 24/54 MP: 7/7
  2538 | D:5      | Killed Sigmund
  2727 | D:5      | Found a runed translucent door.
  2730 | D:5      | Noticed relicbr's ghost (amateur SpDe)
  2745 | D:5      | Killed relicbr's ghost
  2809 | D:5      | Found a hazy altar of Hepliaklqana.
  3408 | D:6      | Reached skill level 6 in Axes
  3408 | D:6      | Gained mutation: You have hoof-like feet. [demonic
                  | ancestry]
  3408 | D:6      | Reached XP level 8. HP: 50/61 MP: 8/8
  3500 | D:6      | Found a runed translucent door.
  3501 | D:6      | Noticed Crazy Yiuf
  3693 | D:6      | Reached skill level 5 in Fighting
  3696 | D:6      | Killed from afar by an orc priest

Illustrated notes

Levels and vault maps discovered:
D:1:      eino_arrival_cavern_e, layout_loops_cross
D:2:      layout_rooms, chequers_jeans
D:3:      gammafunk_wand_slinger, layout_loops_corners,
          chequers_ecumenical_altar_simple_redux
D:4:      cheibrodos_old_hovel, layout_basic,
          mainiacjoe_overflow_surrounded_room, mainiacjoe_overflow_catwalk
D:5:      layout_rooms, nicolae_overflow_crystal_walls,
          ebering_ghost_reflecting_pool, uniq_sigmund
D:6:      layout_basic, uniq_crazy_yiuf_cottage

Skill      XL: |  1  2  3  4  5  6  7  8 |
---------------+-------------------------+-----
Axes           | 2 3 4 5 6 |  6.2
Armour         | 3 4 |  4.2
Dodging        | 1 |  1.9
Shields        | 3 |  3.3
Evocations     | 1 2 3 |  3.1
Fighting       | 4 5 |  5.0
Throwing       | |  0.8
Stealth        | |  0.1

Action                     |  1- 3 |  4- 6 |  7- 9 || total
---------------------------+-------+-------+-------++-------
  Melee: War axe           |    93 |    87 |    63 ||   243
         Kick              |     7 |    20 |    19 ||    46
  Throw: Stone             |     3 |       |       ||     3
         Dart              |       |     5 |     8 ||    13
  Evoke: Wand              |       |       |     1 ||     1
    Use: Scroll            |       |     8 |     7 ||    15
 Armour: Scale mail        |    15 |       |       ||    15
         Chain mail        |    39 |    64 |    31 ||   134
  Dodge: Dodged            |    48 |    61 |    31 ||   140
  Block: Buckler           |    24 |    24 |    16 ||    64

Table legend: (Time is in decaauts)
 A = Elapsed time spent in this place.
 B = Non-inter-level travel time spent in this place.
 C = Inter-level travel time spent in this place.
 D = Time resting spent in this place.
 E = Time spent auto-exploring this place.
 F = Levels seen in this place.
 G = Mean time per level.
                   A        B        C        D        E       F      G
               +--------+--------+--------+--------+--------+-----+--------+
         Total |   3787 |   3697 |     90 |     99 |   2302 |   6 |  631.2 |
       Dungeon |   3787 |   3697 |     90 |     99 |   2302 |   6 |  631.2 |
               +--------+--------+--------+--------+--------+-----+--------+

Top non-repeatable levels by time:
     D:4: 889 daAuts
     D:1: 804 daAuts
     D:5: 689 daAuts
     D:2: 564 daAuts
     D:3: 491 daAuts
     D:6: 348 daAuts
